 Dungeon Crawl Stone Soup version 0.31-a0-188-g5e087ee2ca (webtiles) character file.

Game seed: 431118486053908752

41 qw the Shooter (level 3, -5/20 HPs)
             Began as a Deep Elf Hunter on June 23, 2023.
             Killed by nerve-wracking pain
             ... invoked by an orc priest
              (14 damage)
             ... on level 3 of the Dungeon.
             The game lasted 00:00:27 (1177 turns).

qw the Shooter (Deep Elf Hunter)                    Turns: 1177, Time: 00:00:27

Health: -5/20      AC:  3    Str: 16    XL:     3   Next: 32%
Magic:  5/5        EV: 12    Int: 13    God:
Gold:   96         SH:  0    Dex: 18    Spells: 2/2 levels left

rFire   . . .        Y - +0 shortbow
rCold   . . .        (shield currently unavailable)
rNeg    . . .        c - +0 leather armour
rPois   .            (no helmet)
rElec   .            (no cloak)
rCorr   .            (no gloves)
SInv    .            (no boots)
Will    .....        (no amulet)
Stlth   ++           e - +6 ring of strength
HPRegen 0.23/turn    (no ring)
MPRegen 0.09/turn

%: no passive effects
@: no status effects
A: no striking features
a: no special abilities


You were on level 3 of the Dungeon.
You visited 1 branch of the dungeon, and saw 3 of its levels.

You collected 96 gold pieces.


   Skills:
 - Level 1.5 Fighting
 + Level 6.9 Ranged Weapons
 - Level 2.4 Dodging
 - Level 1.2 Stealth


You had 2 spell levels left.
You didn't know any spells.
Your spell library was empty.

Inventory:

Hand Weapons
 Y - a +0 shortbow (weapon)
Armour
 c - a +0 leather armour (worn)
 d - a +0 pair of gloves
Jewellery
 e - a +6 ring of strength (left hand)
Scrolls
 a - 2 scrolls of identify
Potions
 b - a potion of heal wounds {unknown}
 f - a potion of mutation {unknown}
 h - a potion of degeneration {unknown}

Dungeon Overview and Level Annotations

Branches:
Dungeon (3/15)

Altars:


Message History

Enter note: You shoot an arrow.
The arrow hits the rat!
You kill the rat!
Found a stone staircase leading up.
Enter note:
Enter note:
d - a +0 pair of gloves
Enter note:
Enter note: You see here a frilled lizard corpse.
You now have 96 gold pieces (gained 12).
You hear the slow rusting of a drain. 2 orcs come into view.
The orc shouts!
An orc priest comes into view. It is wielding a +0 hand axe.
The orc moves out of view.
Enter note:
Enter note: You shoot an arrow.
The orc priest shouts!
The arrow hits the orc.
The orc is moderately wounded.
You shoot an arrow. The arrow hits the orc.
The orc is severely wounded.
An orc comes into view. It is wielding a +0 flail.
You shoot an arrow. The orc shouts!
The arrow hits the orc.
You kill the orc!
You shoot an arrow. The arrow barely misses the orc priest.
The orc priest mumbles some strange prayers to Beogh against you.
Beogh smites you!
Ouch! That really hurt!
The orc shouts!
You shoot an arrow.
The arrow closely misses the orc priest.
The orc priest invokes the aid of Beogh against you.
Pain shoots through your body!
Ouch! That really hurt!
You die...

#.# ##.# #.# #..# #.#
##.## #<# #..# #.# #.##
##.###.# # ...#...# ~#
...#.#############.####.
...#..%.........@..o....
88....#############).oo.
.....## ##. .....#
88..## ...## ~..# ~..##
## ~...## .


You could see an orc priest and 2 orcs.

Vanquished Creatures
  2 dart slugs (D:1)
  An orc (D:3)
  5 bats (D:1)
  3 endoplasms (D:1)
  4 giant cockroaches
  2 hobgoblins
  2 quokkas (D:1)
  A ball python (D:1)
  3 frilled lizards
  A goblin (D:1)
  5 kobolds (D:1)
  3 rats
32 creatures vanquished.

Notes
Turn   | Place    | Note
-------+----------+-------------------------------------------
     0 | D:1      | qw the Deep Elf Hunter began the quest for the Orb.
     0 | D:1      | Reached XP level 1. HP: 12/12 MP: 3/3
     0 | D:1      | 0 ||| qw: Version: 0.3-a-9-g12657ce
     0 | D:1      | 0 ||| qw: Game counter: 4199
     0 | D:1      | 0 ||| qw: Always use a shield: true
     0 | D:1      | 0 ||| qw: God list: Okawaru
     0 | D:1      | 0 ||| qw: Allow faded altars: false
     0 | D:1      | 0 ||| qw: Do Orc after D:15 true
     0 | D:1      | 0 ||| qw: Do second Lair branch before Depths: true
     0 | D:1      | 0 ||| qw: Lair rune preference: random
     0 | D:1      | 0 ||| qw: Plans: Normal
     0 | D:1      | 0 ||| PLANNING D:1-11
    89 | D:1      | Reached XP level 2. HP: 9/16 MP: 4/4
   164 | D:1      | Reached skill level 6 in Ranged Weapons
   931 | D:1      | Reached XP level 3. HP: 20/20 MP: 5/5
   999 | D:1      | 999 ||| UPGRADING to +6 ring of strength.
  1000 | D:1      | 1000 ||| DROPPING ring of magical power.
  1001 | D:1      | 1001 ||| READING 2 scrolls labelled HOADGH QYAR.
  1002 | D:1      | 1002 ||| DROPPING scroll of butterflies.
  1037 | D:2      | You fall into a shaft and drop 1 floor!
  1042 | D:3      | 1042 ||| PLANNING SEWER
  1177 | D:3      | Killed from afar by an orc priest

Levels and vault maps discovered:
D:1:      co_arrival_random_square_maze, layout_basic, serial_forest,
          infiniplex_forest_clump_long, infiniplex_forest_straight_5,
          infiniplex_forest_end_3, infiniplex_forest_lined_room_,
          infiniplex_forest_clump_tiny, infiniplex_forest_corner_2,
          infiniplex_forest_lined_4_way, infiniplex_forest_clump_cross,
          kennysheep_nondescript, minmay_cut_off
D:2:      minmay_spotlight, layout_basic, lexackson_kobold_supper
D:3:      wander_river, layout_rooms, gup_sewer_entry_spiral,
          shapermc_ecumenical_altar_mp_ritualfount, uniq_jessica

Skill      XL: |  1  2 |
---------------+-------+-----
Ranged Weapons | 6 |  6.9
Fighting       | |  1.5
Dodging        | |  2.4
Stealth        | |  1.2

Action                     || total
---------------------------++-------
   Fire: Shortbow          ||   114
    Use: Scroll            ||     1
 Armour: Leather armour    ||    11
  Dodge: Dodged            ||    29

Table legend:
 A = Non-vault XP
 B = Vault XP
 C = Vault XP percentage of total XP
 D = Non-vault monster count
 E = Vault monster count
 F = Vault count percentage of total count
                 A         B        C        D         E       F
            +---------+---------+-------+---------+---------+-------
      Total |      50 |       9 |  15.3 |      28 |       4 |  12.5
            +---------+---------+-------+---------+---------+-------
        D:1 |      41 |       9 |  18.0 |      23 |       4 |  14.8
        D:2 |       4 |       0 |   0.0 |       2 |       0 |   0.0
        D:3 |       5 |       0 |   0.0 |       3 |       0 |   0.0
            +---------+---------+-------+---------+---------+-------
